 Dungeon Crawl Stone Soup version 0.25-a0-647-gd602d06ee1 (webtiles) character file.

Game seed: 1996548444384476337, levelgen mode: deterministic

3880 lemonriz the Transmogrifier (level 10, -5/84 HPs)
             Began as a Red Draconian Transmuter on Mar 21, 2020.
             Was a Priest of Sif Muna.
             Collided with a rock wall (7 damage)
             ... caused by Erica
             ... on level 8 of the Dungeon.
             The game lasted 00:20:36 (8782 turns).

lemonriz the Transmogrifier (DrTm)                  Turns: 8782, Time: 00:20:37

Health: -5/84      AC:  7    Str: 12    XL:     10   Next: 0%
Magic:  8/17       EV: 15    Int: 17    God:    Sif Muna [***...]
Gold:   340        SH:  6    Dex: 12    Spells: 11/19 levels left

rFire    + . .     SeeInvis .     - Unarmed
rCold    . . .     Gourm    .   (shield currently unavailable)
rNeg     + . .     Faith    .   (armour unavailable)
rPois    .         Spirit   .   (helmet restricted)
rElec    .         Reflect  +   s - scarf {repulsion}
rCorr    .         Harm     .   (gloves currently unavailable)
MR       .....                  (no boots)
Stlth    ..........             u - +6 amulet of reflection
HPRegen  0.24/turn              y - ring of attention (curse)
MPRegen  0.15/turn              I - ring of positive energy

@: lethally poisoned (-5 -> -10), short of breath, blade hands (expiring), very
slightly contaminated, repel missiles
A: breathe fire, unfitting armour, fire resistance 1, cold-blooded, AC +7
a: Breathe Fire, End Transformation, Channel Magic, Forget Spell, Renounce
Religion


You were on level 8 of the Dungeon.
You worshipped Sif Muna.
Sif Muna was most pleased with you.
You were not hungry.
You had blades for hands.
You visited 2 branches of the dungeon, and saw 9 of its levels.
You also visited: Sewer.

You collected 547 gold pieces.
You spent 207 gold pieces at shops.

Inventory:

Missiles
 e - 36 poisoned darts
 F - 6 javelins (quivered)
 G - 49 arrows
Armour
 s - a scarf of repulsion (worn)
Jewellery
 p - an uncursed ring of ice
 u - a +6 amulet of reflection (around neck)
 y - a cursed ring of attention (left scythe-like blade)
 B - an uncursed ring of magical power
 D - an uncursed ring of fire
 I - a ring of positive energy (right scythe-like blade)
 J - a cursed amulet of inaccuracy {unknown}
Wands
 b - a wand of acid (8)
 z - a wand of iceblast (7)
Scrolls
 a - 3 scrolls of blinking
 g - a scroll of summoning {unknown}
 i - 3 scrolls of fog
 k - 3 scrolls of random uselessness {unknown}
 q - a scroll of fear {unknown}
 r - 3 scrolls of identify
 t - 2 scrolls of enchant weapon {unknown}
 v - 7 scrolls of remove curse
 x - 7 scrolls of teleportation
 H - a scroll of enchant armour
Potions
 f - a potion of berserk rage
 h - a potion of stabbing
 l - a potion of degeneration {unknown}
 m - a potion of curing {unknown}
 n - 2 potions of ambrosia {unknown}
 o - a potion of haste {unknown}
 w - 4 potions of flight
 A - a potion of invisibility {unknown}
 C - 2 potions of magic {unknown}
 E - a potion of lignification
Miscellaneous
 j - a lightning rod (4/4)
Comestibles
 c - 9 rations


   Skills:
 + Level 6.9 Fighting
 + Level 6.5 Dodging
 + Level 7.5 Unarmed Combat
 - Level 5.0 Spellcasting
 + Level 9.0 Transmutations
 + Level 4.3 Invocations


You had 11 spell levels left.
You knew the following spells:

 Your Spells              Type           Power        Failure   Level  Hunger
a - Beastly Appendage     Tmut           #####.       11%         1    None
b - Sticks to Snakes      Tmut           #####...     12%         2    #......
c - Blade Hands           Tmut           #####.....   45%         5    ######.

Your spell library contained the following spells:

 Spells                   Type           Power        Failure   Level  Hunger
 Spider Form              Tmut/Pois      ###.......   38%         3    ###....
 Animate Skeleton         Necr           N/A          54%         1    None
 Apportation              Tloc           #.....       54%         1    None
 Corona                   Hex            #......      54%         1    None
 Summon Small Mammal      Summ           #...         54%         1    None
 Ice Form                 Ice/Tmut       ###.....     65%         4    ####...


Dungeon Overview and Level Annotations

Branches:
Dungeon (8/15)             Temple (1/1) D:7           Sewer (visited)
   Lair: D:8-11

Altars:
Ashenzari
Fedhas
Gozag
Kikubaaqudgha
Nemelex Xobeh
Qazlal
Sif Muna
Uskayaw
Wu Jian
The Shining One

Shops:
D:5 ?   D:6 ?   D:7 *

Portals:
Abyss: D:7

Annotations:
D:8 Erica


Innate Abilities, Weirdness & Mutations

You can breathe blasts of fire.
Your fiery red scales are hard. (AC +7)
You cannot fit into any form of body armour.
Your flesh is heat resistant. (rF+)
You are cold-blooded and may be slowed by cold attacks.


Message History

Confirm with . or Enter, or press ? or * to list all spells.
Your hands turn into razor-sharp scythe blades.
Erica casts a spell.
Erica flickers and vanishes!
Deactivating autopickup; reactivate with Ctrl-A.
You open the door.
Your transformation is almost over.
There is an open door here.
You hear some strange, mumbled words.
A bolt of poison appears from out of thin air!
The bolt of poison hits you!!
You are poisoned.
You feel sick.
You hear some strange, mumbled words.
A lance of force appears from out of thin air!
The lance of force hits you!!
* * * LOW HITPOINT WARNING * * *
You are knocked back by the lance of force.
You slam into the rock wall!
You die...

##.###.#.#.#.#...# .#
#8.8#.#.#.#.#.#..# .#
##.###.#.#.#.#...# .#
#'##.#.#.#.#.#..# .#
#.#.#.#.#.#.#...#
.#)#.#.#.#.#.#.#..#
#.#.#>#.#.#.#.#...# ##.#
####.........# #@#
###########.## #.#
#.............
#####'###.########.... ####
#.......#.# #......
.....######(......#.# #.#....
..................#.# ##+##...
....#####.........#.# ##)..##..
..###............##.####.....##.
..#......####....##..##.#...#.##


There were no monsters in sight!

Vanquished Creatures
  The ghost of bmj180 the Conjurer, a novice DrCj of Vehumet (D:7)
  3 small abominations (D:7)
  2 orc warriors (D:8)
  2 black bears
  A phantom (D:8)
  3 ogres
  2 centaurs (D:5)
  6 bullfrogs
  A gnoll sergeant (D:7)
  A water moccasin skeleton (D:8)
  4 killer bees (D:8)
  4 scorpions
  7 wights
  6 crimson imps
  An orc priest (D:3)
  5 orc wizards
  A hound (D:7)
  3 iguanas
  4 worker ants
  A merfolk siren (Sewer)
  A merfolk avatar (Sewer)
  10 adders
  2 river rats (Sewer)
  A shadow imp (D:8)
  An ooze (D:1)
  2 adder zombies
  An adder skeleton (D:4)
  2 worms (D:4)
  2 dart slugs (D:1)
  4 leopard geckos
  21 orcs
  8 bats
  6 giant cockroaches
  8 goblins
  5 hobgoblins
  20 jackals
  3 quokkas
  7 ball pythons
  11 frilled lizards
  A jackal skeleton (D:4)
  5 kobolds
  A quokka skeleton (D:4)
  32 rats
212 creatures vanquished.

Vanquished Creatures (collateral kills)
  An adder (D:2)
1 creature vanquished.

Grand Total: 213 creatures vanquished

Notes
Turn   | Place    | Note
-------+----------+-------------------------------------------
     0 | D:1      | lemonriz the Draconian Transmuter began the quest for the
                  | Orb.
     0 | D:1      | Reached XP level 1. HP: 16/16 MP: 3/3
   245 | D:1      | Reached XP level 2. HP: 14/23 MP: 3/5
   554 | D:1      | Learned a level 2 spell: Sticks to Snakes
   663 | D:1      | Reached XP level 3. HP: 21/28 MP: 6/6
  1050 | D:2      | Reached skill level 3 in Transmutations
  1422 | D:2      | Reached XP level 4. HP: 28/35 MP: 3/7
  1660 | D:2      | Reached skill level 5 in Unarmed Combat
  1660 | D:2      | Reached skill level 7 in Transmutations
  1660 | D:2      | Reached XP level 5. HP: 47/47 MP: 7/11
  1667 | D:2      | Learned a level 5 spell: Blade Hands
  1760 | D:2      | Found an opulent altar of Gozag.
  1764 | D:2      | Found a hide-covered altar of Uskayaw.
  1769 | D:2      | Found a shimmering blue altar of Sif Muna.
  1777 | D:2      | Became a worshipper of Sif Muna the Loreminder
  1949 | D:3      | Reached skill level 5 in Dodging
  3017 | D:3      | Reached XP level 6. HP: 55/55 MP: 10/12
  3176 | D:4      | Reached * piety under Sif Muna
  3290 | D:4      | Reached skill level 5 in Fighting
  3304 | D:4      | Found a glowing drain.
  3334 | Sewer    | Entered a sewer
  3635 | Sewer    | Your scales start taking on a fiery red colour.
  3635 | Sewer    | Reached XP level 7. HP: 61/61 MP: 4/14
  3635 | Sewer    | Gained mutation: Your flesh is heat resistant. (rF+) [Red
                  | Draconian growth]
  3793 | Sewer    | Reached ** piety under Sif Muna
  4296 | D:4      | Reached skill level 8 in Transmutations
  4809 | D:5      | Entered Level 5 of the Dungeon
  4867 | D:5      | Reached skill level 5 in Spellcasting
  4914 | D:5      | Found Ogriclioni's Magic Scroll Boutique.
  4968 | D:5      | Reached skill level 1 in Invocations
  4992 | D:5      | Bought a scroll of blinking for 97 gold pieces
  4992 | D:5      | Bought a scroll of identify for 26 gold pieces
  4992 | D:5      | Bought a scroll of remove curse for 39 gold pieces
  5049 | D:5      | Reached XP level 8. HP: 56/69 MP: 15/15
  5340 | D:5      | Found a stormy altar of Qazlal.
  5342 | D:5      | Found a sparkling altar of Nemelex Xobeh.
  5714 | D:6      | Found an ancient bone altar of Kikubaaqudgha.
  6020 | D:6      | Found Qitosun's Magic Scroll Shoppe.
  6083 | D:6      | Found a glowing golden altar of the Shining One.
  6474 | D:7      | Reached *** piety under Sif Muna
  6813 | D:7      | Found Gishreas's General Store.
  6819 | D:7      | Bought a potion of lignification for 45 gold pieces
  7152 | D:7      | Found a staircase to the Ecumenical Temple.
  7239 | Temple   | Entered the Ecumenical Temple
  7413 | D:7      | Noticed bmj180's ghost (novice DrCj)
  7424 | D:7      | Found a one-way gate to the infinite horrors of the Abyss.
  7441 | D:7      | Found a transporter.
  7453 | D:7      | Found a transporter.
  7490 | D:7      | Reached XP level 9. HP: 36/75 MP: 11/16
  7646 | D:7      | Killed bmj180's ghost
  8214 | D:8      | Reached skill level 9 in Transmutations
  8654 | D:8      | Reached XP level 10. HP: 18/84 MP: 12/17
  8765 | D:8      | Noticed Erica
  8782 | D:8      | HP: 2/84 [something/lance of force (24)]
  8782 | D:8      | Collided with a rock wall

Levels and vault maps discovered:
D:1:      dpeg_arrival_simpleton_a, layout_basic, minmay_misc_feat_cross
D:2:      layout_loops_cross, minmay_overflow_temple_star_quad, serial_forest,
          infiniplex_forest_clump_curved, infiniplex_forest_end_1,
          infiniplex_forest_clump_diagonal, infiniplex_forest_fountain,
          infiniplex_forest_lined_room_, infiniplex_forest_fountain,
          infiniplex_forest_zigzag_2, infiniplex_forest_corner_1,
          infiniplex_forest_lined_corner, first_ration
D:3:      layout_basic, hangedman_abyss_or_decor_stabs, grunt_ministairs_10,
          hex_tiny
D:4:      layout_layer_cave, cheibrodos_sewer_entry_bend
D:5:      layout_cave_pools, nicolae_overflow_hidden_temple, serial_shops, shop,
          minmay_misc_feat_tiny
D:6:      layout_layer_cave, tso_oasis_becter, serial_shops,
          nicolae_shop_statue_plus, basic_altar, nrook_loot_triangle
D:7:      layout_gridville, minmay_temple_entry_purple_smoke, serial_shops,
          shop, gammafunk_ghost_abyssal_escape
D:8:      layout_basic, grunt_livestock, dk_noncrumbling_3, dk_noncrumbling_2,
          minmay_radiant, uniq_erica
Temple:   nicolae_temple_elliptical

Skill      XL: |  1  2  3  4  5  6  7  8  9 |
---------------+----------------------------+-----
Dodging        | 2 4 5 6 |  6.5
Transmutations | 3 7 8 9 |  9.0
Fighting       | 4 5 6 |  6.9
Unarmed Combat | 5 6 7 |  7.5
Spellcasting   | 4 5 |  5.0
Invocations    | 1 2 4 |  4.3

Action                   |  1- 3 |  4- 6 |  7- 9 | 10-12 || total
-------------------------+-------+-------+-------+-------++-------
Melee: Unarmed           |   138 |   181 |   483 |       ||   802
       Kick              |    10 |     5 |    17 |       ||    32
       Tailslap          |     9 |    17 |    48 |       ||    74
       Punch             |     3 |     6 |    11 |       ||    20
       Headbutt          |     5 |     9 |     6 |       ||    20
Throw: Javelin           |    20 |     7 |    15 |       ||    42
       Dart              |       |       |     5 |       ||     5
 Cast: Beastly Appendage |     9 |    10 |    15 |       ||    34
       Sticks to Snakes  |     1 |       |       |       ||     1
       Blade Hands       |       |     4 |    12 |     1 ||    17
 Abil: Breathe Fire      |       |       |     3 |     1 ||     4
  Use: Scroll            |       |     4 |     3 |       ||     7
       Potion            |       |     1 |     5 |       ||     6
 Stab: Sleeping          |       |     2 |       |       ||     2
  Eat: Chunk             |     2 |     5 |    12 |     1 ||    20
       Ration            |       |     1 |     3 |       ||     4
Armor: Skin              |    54 |    48 |   102 |       ||   204
Dodge: Dodged            |    89 |   124 |   275 |       ||   488
       Deflected         |       |       |     9 |       ||     9
Block: Other             |       |       |   109 |       ||   109
       Reflection        |       |       |     1 |       ||     1

Table legend:
 A = Non-vault XP
 B = Vault XP
 C = Vault XP percentage of total XP
 D = Non-vault monster count
 E = Vault monster count
 F = Vault count percentage of total count
                 A         B        C        D         E       F
            +---------+---------+-------+---------+---------+-------
      Total |    3632 |    1803 |  33.2 |     158 |      55 |  25.8
            +---------+---------+-------+---------+---------+-------
        D:1 |      52 |       0 |   0.0 |      25 |       0 |   0.0
        D:2 |      69 |       0 |   0.0 |      23 |       0 |   0.0
        D:3 |     146 |      15 |   9.3 |      20 |       2 |   9.1
        D:4 |     397 |      10 |   2.5 |      23 |       2 |   8.0
        D:5 |     515 |       0 |   0.0 |      16 |       0 |   0.0
        D:6 |     418 |       0 |   0.0 |      12 |       0 |   0.0
        D:7 |     712 |    1422 |  66.6 |      19 |       6 |  24.0
        D:8 |    1323 |     188 |  12.4 |      20 |       4 |  16.7
      Sewer |       0 |     168 | 100.0 |       0 |      41 | 100.0
            +---------+---------+-------+---------+---------+-------
